 Dungeon Crawl Stone Soup version 0.29.0-4-gdea44cf6ec (webtiles) character file.

Game seed: 4837504867410917386

79 qw the Chopper (level 4, 0/26 HPs)
             Began as a Tengu Warper on Aug 28, 2022.
             Slain by a black bear (3 damage)
             ... on level 2 of the Dungeon.
             The game lasted 00:00:12 (2043 turns).

qw the Chopper (Tengu Warper)                       Turns: 2043, Time: 00:00:13

Health: 0/26       AC:  4    Str: 13    XL:     4   Next: 37%
Magic:  8/8        EV: 12    Int: 13    God:
Gold:   113        SH:  5    Dex: 14    Spells: 7/7 levels left

rFire   . . .      SeeInvis .   Y - +0 hand axe
rCold   . . .      Faith    .   (no shield)
rNeg    . . .      Spirit   .   b - +0 leather armour
rPois   .          Reflect  +   (helmet restricted)
rElec   .          Harm     .   (no cloak)
rCorr   .          Rampage  .   e - +0 pair of gloves
Will    .....                   (boots unavailable)
Stlth   +.........              i - amulet of reflection
HPRegen 0.08/turn               (no ring)
MPRegen 0.11/turn               (no ring)

@: no status effects
A: beak, talons 3
a: no special abilities


You were on level 2 of the Dungeon.
You visited 1 branch of the dungeon, and saw 2 of its levels.

You collected 113 gold pieces.


Innate Abilities, Weirdness & Mutations

You have a beak for a mouth.
You have claws for feet.


   Skills:
 - Level 2.0 Fighting
 + Level 4.9 Axes
 - Level 1.0 Throwing
 - Level 1.1 Armour
 - Level 2.1 Dodging
 - Level 2.0 Spellcasting
 - Level 2.4 Translocations


You had 7 spell levels left.
You didn't know any spells.
Your spell library contained the following spells:

 Spells                   Type           Power      Damage    Failure   Level
 Blink                    Tloc           14%        N/A       19%         2
 Gell's Gravitas          Tloc           7%         N/A       36%         3
 Lesser Beckoning         Tloc           7%         N/A       36%         3
 Teleport Other           Tloc           7%         N/A       36%         3
 Manifold Assault         Tloc           7%         N/A       98%         5

Inventory:

Hand Weapons
 d - a +0 club
 Y - a +0 hand axe (weapon)
Armour
 a - the +1 robe of Xengelobb {rElec rN+ Regen+ Int-2}
   (You found it on level 2 of the Dungeon)

   Int:       It affects your intelligence (-2).
   rElec:     It insulates you from electricity.
   rN:        It protects you from negative energy.
   Regen:     It increases your rate of health regeneration.
 b - a +0 leather armour (worn)
 e - a +0 pair of gloves (worn)
Jewellery
 i - an amulet of reflection (around neck)
Scrolls
 c - a scroll of teleportation {unknown}
Potions
 f - a potion of mutation {unknown}
 j - a potion of attraction {unknown}

Dungeon Overview and Level Annotations

Branches:
Dungeon (2/15)

Altars:


Message History

You claw the black bear.
The black bear is heavily wounded.
The black bear bites you but does no damage.
The black bear claws you but does no damage. x2
You closely miss the black bear. You punch the black bear.
The black bear is heavily wounded.
The black bear bites you. You block the black bear's attack. x2
You barely miss the black bear.
The black bear is heavily wounded.
The black bear bites you but does no damage.
The black bear closely misses you. The black bear barely misses you.
You closely miss the black bear.
The black bear is heavily wounded.
The black bear bites you. The black bear claws you.
The black bear barely misses you.
You hit the black bear but do no damage.
The black bear is heavily wounded.
The black bear closely misses you.
The black bear claws you but does no damage.
The black bear closely misses you.
You hit the black bear.
The black bear is severely wounded.
The black bear closely misses you.
The black bear claws you but does no damage.
The black bear barely misses you.
You hit the black bear but do no damage.
You claw the black bear.
The black bear is severely wounded.
The black bear bites you. The black bear misses you. x2
You closely miss the black bear.
The black bear is severely wounded.
The black bear barely misses you. The black bear closely misses you.
The black bear barely misses you.
You slash the black bear! Your kick misses the black bear.
The black bear is almost dead.
You block the black bear's attack. x2; The black bear closely misses you.
You closely miss the black bear. Your peck misses the black bear.
The black bear is almost dead.
The black bear barely misses you. The black bear claws you.
You die...
K

....############
....'.gh@.......
#...####.....###
# #.....#
#.....# #.....#
#.##### ## #.# .
#.# #.#.#


You could see a black bear and a goblin.

Vanquished Creatures
  Robin (D:2)
  An adder (D:2)
  A dart slug (D:1)
  5 bats
  2 giant cockroaches
  12 goblins
  8 hobgoblins
  3 jackals (D:2)
  4 quokkas
  A ball python (D:1)
  5 frilled lizards
  3 kobolds
  5 rats
51 creatures vanquished.

Notes
Turn   | Place    | Note
-------+----------+-------------------------------------------
     0 | D:1      | qw the Tengu Warper began the quest for the Orb.
     0 | D:1      | Reached XP level 1. HP: 12/12 MP: 4/4
     0 | D:1      | 0 ||| qw: Version: 0.1-a-89-g26bdef1
     0 | D:1      | 0 ||| qw: Game counter: 2248
     0 | D:1      | 0 ||| qw: Always use a shield: true
     0 | D:1      | 0 ||| qw: God list: Okawaru
     0 | D:1      | 0 ||| qw: Allow faded altars: false
     0 | D:1      | 0 ||| qw: Do Orc after D:15 true
     0 | D:1      | 0 ||| qw: Do second Lair branch before Depths: true
     0 | D:1      | 0 ||| qw: Lair rune preference: random
     0 | D:1      | 0 ||| qw: Plans: Normal
     0 | D:1      | 0 ||| PLANNING D:1-11
    60 | D:1      | HP: 3/12 [quokka (1)]
   369 | D:1      | Reached XP level 2. HP: 17/17 MP: 6/6
   395 | D:1      | Reached skill level 3 in Axes
   414 | D:1      | 414 ||| Stepping ~*~*~tactically~*~*~ (stealth).
   812 | D:1      | Reached XP level 3. HP: 21/21 MP: 7/7
  1103 | D:1      | 1103 ||| UPGRADING to +0 pair of gloves.
  1108 | D:1      | 1108 ||| UPGRADING to amulet of reflection.
  1113 | D:1      | 1113 ||| READING scroll labelled ZETWOMPIOXE.
  1114 | D:1      | 1114 ||| READING scroll labelled ECWOFYD KUTONG.
  1115 | D:1      | 1115 ||| READING scroll labelled EFIGODOGOEM.
  1116 | D:1      | 1116 ||| READING scroll labelled ININEF MISM.
  1117 | D:1      | 1117 ||| READING scroll labelled SUUCYU WEKHLAU.
  1118 | D:1      | 1118 ||| READING 2 scrolls labelled EHEYDO ANAA.
  1244 | D:1      | 1244 ||| DROPPING scroll of blinking.
  1245 | D:1      | 1245 ||| DROPPING scroll of torment.
  1277 | D:2      | 1277 ||| STAIRDANCE
  1295 | D:2      | Reached skill level 4 in Axes
  1295 | D:2      | 1295 ||| STAIRDANCE
  1551 | D:2      | Identified the +1 robe of Xengelobb {rElec rN+ Regen+
                  | Int-2}
  1631 | D:2      | 1631 ||| Stepping ~*~*~tactically~*~*~ (stealth).
  1638 | D:2      | 1638 ||| Stepping ~*~*~tactically~*~*~ (stealth).
  1674 | D:2      | Found a faded altar of an unknown god.
  1675 | D:2      | 1675 ||| Stepping ~*~*~tactically~*~*~ (stealth).
  1689 | D:2      | 1689 ||| FLEEEEING.
  1690 | D:2      | 1690 ||| FLEEEEING.
  1691 | D:2      | 1691 ||| FLEEEEING.
  1692 | D:2      | 1692 ||| FLEEEEING.
  1693 | D:2      | 1693 ||| FLEEEEING.
  1694 | D:2      | 1694 ||| FLEEEEING.
  1695 | D:2      | 1695 ||| FLEEEEING.
  1696 | D:2      | 1696 ||| FLEEEEING.
  1697 | D:2      | 1697 ||| FLEEEEING.
  1698 | D:2      | 1698 ||| FLEEEEING.
  1699 | D:2      | 1699 ||| FLEEEEING.
  1700 | D:2      | 1700 ||| FLEEEEING.
  1701 | D:2      | 1701 ||| FLEEEEING.
  1702 | D:2      | 1702 ||| FLEEEEING.
  1703 | D:2      | 1703 ||| FLEEEEING.
  1704 | D:2      | 1704 ||| FLEEEEING.
  1705 | D:2      | 1705 ||| FLEEEEING.
  1706 | D:2      | 1706 ||| FLEEEEING.
  1707 | D:2      | 1707 ||| FLEEEEING.
  1708 | D:2      | 1708 ||| FLEEEEING.
  1709 | D:2      | 1709 ||| FLEEEEING.
  1842 | D:2      | 1842 ||| Stepping ~*~*~tactically~*~*~ (stealth).
  1844 | D:2      | Noticed Robin
  1845 | D:2      | 1845 ||| Stepping ~*~*~tactically~*~*~ (stealth).
  1849 | D:2      | 1849 ||| Stepping ~*~*~tactically~*~*~ (hiding).
  1855 | D:2      | Reached XP level 4. HP: 20/26 MP: 8/8
  1861 | D:2      | Killed Robin
  1863 | D:2      | 1863 ||| FLEEEEING.
  1884 | D:2      | 1884 ||| FLEEEEING.
  1886 | D:2      | 1886 ||| FLEEEEING.
  1887 | D:2      | 1887 ||| FLEEEEING.
  2006 | D:2      | 2006 ||| Stepping ~*~*~tactically~*~*~ (stealth).
  2020 | D:2      | Noticed a black bear
  2040 | D:2      | HP: 3/26 [black bear (5)]
  2043 | D:2      | Slain by a black bear

Levels and vault maps discovered:
D:1:      elethiomel_arrival_maze, layout_basic
D:2:      layout_basic, hellmonk_ecumenical_altar_dog_temple,
          uniq_crazy_yiuf_cottage, uniq_robin

Skill      XL: |  1  2  3 |
---------------+----------+-----
Axes           | 3 4 |  4.9
Fighting       | |  2.0
Throwing       | |  1.0
Armour         | |  1.1
Dodging        | |  2.1
Spellcasting   | |  2.0
Translocations | |  2.4

Action                   |  1- 3 |  4- 6 || total
-------------------------+-------+-------++-------
Melee: Hand axe          |   100 |    38 ||   138
       Kick              |    13 |     8 ||    21
       Peck              |     9 |     2 ||    11
       Punch             |       |     1 ||     1
Throw: Boomerang         |     7 |       ||     7
  Use: Scroll            |     6 |       ||     6
Armor: Leather armour    |    18 |    13 ||    31
Dodge: Dodged            |    45 |    35 ||    80
Block: Other             |    11 |    10 ||    21

Table legend:
 A = Non-vault XP
 B = Vault XP
 C = Vault XP percentage of total XP
 D = Non-vault monster count
 E = Vault monster count
 F = Vault count percentage of total count
                 A         B        C        D         E       F
            +---------+---------+-------+---------+---------+-------
      Total |      74 |      39 |  34.5 |      38 |      13 |  25.5
            +---------+---------+-------+---------+---------+-------
        D:1 |      42 |       0 |   0.0 |      24 |       0 |   0.0
        D:2 |      32 |      39 |  54.9 |      14 |      13 |  48.1
            +---------+---------+-------+---------+---------+-------
